 Dungeon Crawl Stone Soup version 0.32-a0-42-ga30500b4d3 (webtiles) character file.

Game seed: 5730957578469328272

4583 lunkers the Thaumaturge (level 10, -16/60 HPs)
             Began as a Djinni Fire Elementalist on Jan 30, 2024.
             Was a Believer of Ashenzari.
             Demolished by a two-headed ogre
             ... wielding a +0 giant club
              (18 damage)
             ... on level 8 of the Dungeon.
             The game lasted 00:12:14 (7999 turns).

lunkers the Thaumaturge (Djinni Fire Elementalist)  Turns: 7999, Time: 00:12:14

Health: -16/60     AC: 19    Str:  7    XL:     10   Next: 68%
Gold:   355        EV:  7    Int: 24    God:    Ashenzari [**....] SH:  0 Dex: 14

rFire   + + .        a - +0 spear (pain)
rCold   x . .        (no shield)
rNeg    . . .        c - +9 scale mail "Igay" {Will+ rCorr Int+3}
rPois   ∞            (no helmet)
rElec   .            n - scarf of the All-seeing Comet {shadows, Range, Sorc} (curse)
rCorr   +            (no gloves)
SInv    +            (boots unavailable)
Will    ++...        m - amulet of the All-seeing Failure {Acrobat, Fort, Sorc} (curse) Stlth
                     f - ring of Ashenzari's Seer {AC+4, Melee, Self} (curse)
HPRegen 0.30/turn    (no ring)
MPRegen 0.00/turn

%: acrobat, infuse magic (-17 HP)
@: flying
A: sickness immunity, fire resistance 2, cold vulnerability 1, float, innate
caster, HP casting, extra vitality 1
a: Renounce Religion, Shatter the Chains


You were on level 8 of the Dungeon.
You worshipped Ashenzari.
Ashenzari was pleased with you.
You visited 2 branches of the dungeon, and saw 9 of its levels.

You collected 355 gold pieces.

Inventory:

Hand Weapons
 a - a +0 spear of pain (weapon)
 b - a +1 trident of protection
 u - a +1 heavy dire flail
 C - a +1 dagger of protection
 D - a +2 whip of freezing
 F - a +2 scimitar
Missiles
 H - a curare-tipped dart
Armour
 c - the +9 scale mail "Igay" (worn) {Will+ rCorr Int+3}
   (You found it on level 2 of the Dungeon)

   Int+3:     It affects your intelligence (+3).
   Will+:     It increases your willpower.
   rCorr:     It protects you from acid and corrosion.
 e - a +0 robe
 n - the cursed scarf of the All-seeing Comet (worn) {shadows, Range, Sorc}
   (You found it on level 2 of the Dungeon)

   It has a curse which improves the following skills: Ranged Combat: Ranged
   Weapons and Throwing.
   Sorcery:   Conjurations and Alchemy.
Jewellery
 f - the cursed ring of Ashenzari's Seer (left hand) {AC+4, Melee, Self}
   (You found it on level 1 of the Dungeon)

   [ring of protection]

   AC+4:      It affects your AC (+4).
   It has a curse which improves the following skills: Melee Combat: Short
   Blades, Long Blades, Axes, Maces & Flails, Polearms, Staves and Unarmed
   Combat.
   Introspection: Fighting and Spellcasting.
 m - the cursed amulet of the All-seeing Failure (around neck) {Acrobat, Fort, Sorc}
   (You found it on level 2 of the Dungeon)

   [amulet of the acrobat]

   Acrobat:   It increases your evasion while moving and waiting.
   It has a curse which improves the following skills: Fortitude: Armour and
   Shields.
   Sorcery:   Conjurations and Alchemy.
 y - a ring of fire
 I - a +6 ring of dexterity
Wands
 d - a wand of mindburst (3)
 t - a wand of flame (22)
 v - a wand of polymorph (9)
 w - a wand of charming (13)
Scrolls
 g - 4 scrolls of teleportation
 i - 2 scrolls of butterflies
 l - a scroll of torment
 p - 3 scrolls of vulnerability
 q - a scroll of enchant weapon
 s - 2 scrolls of fear
 x - a scroll of noise
 E - a scroll of fog
 G - a scroll of enchant armour
Potions
 h - a potion of resistance
 j - a potion of curing
 k - a potion of magic
 o - a potion of might
 r - a potion of invisibility
 z - 2 potions of enlightenment
 A - 2 potions of brilliance
 B - a potion of mutation


   Skills:
 - Level 2.1 Dodging
 - Level 1.5 Stealth
 + Level 12.1(13.2) Spellcasting
 + Level 12.1(13.7) Conjurations
 + Level 12.1 Hexes
   Level 0.0 Charms
 + Level 12.1 Summonings
 + Level 12.1 Necromancy
 + Level 12.1 Translocations
   Level 0.0 Transmutations
 + Level 12.1 Fire Magic
 + Level 12.1 Ice Magic
 + Level 12.1 Air Magic
 + Level 12.1 Earth Magic
 + Level 12.1(13.7) Alchemy


You knew the following spells:

 Your Spells              Type           Power      Damage    Failure   Level
a - Foxfire               Conj/Fire      100%       2x1d9     1%          1
b - Scorch                Fire           100%       2d9       1%          2
c - Volatile Blastmotes   Fire/Tloc      100%       2d18      1%          3
d - Inner Flame           Hex/Fire       65%        N/A       1%          3
e - Flame Wave            Conj/Fire      67%        2d15      2%          4
f - Magic Dart            Conj           100%       1d8       1%          1
g - Static Discharge      Conj/Air       100%       3-8/arc   1%          2
h - Blink                 Tloc           100%       N/A       1%          2
i - Dispel Undead         Necr           65%        3d22      3%          4
Your spell library was empty.

Dungeon Overview and Level Annotations

Branches:
Dungeon (8/15)             Temple (1/1) D:4
   Lair: D:8-11

Altars:
Ashenzari
Cheibriados
Elyvilon
Fedhas
Gozag
Makhleb
Nemelex Xobeh
Okawaru
Qazlal
Ru
Trog
Uskayaw
Wu Jian
Xom
Yredelemnul
Zin
The Shining One

Shops:
D:1 =


Innate Abilities, Weirdness & Mutations

You are immune to sickness and miasma.
You are immune to poison.
Your flesh is very heat resistant. (rF++)
You are vulnerable to cold. (rC-)
You float through the air rather than walking.
You learn spells naturally, not from books.
Your magical power is your life essence.
You have superior vitality. (+4 MHP)


Message History

A two-headed ogre is nearby!
A two-headed ogre is nearby!
Casting: Scorch (safe; 1% risk of failure)
Confirm with . or Enter, or press ? or * to list all spells.
Flames lash the two-headed ogre.
The two-headed ogre is lightly wounded.
The two-headed ogre's fire resistance burns away.
Casting: Scorch (safe; 1% risk of failure)
Confirm with . or Enter, or press ? or * to list all spells.
Flames lash the two-headed ogre.
The two-headed ogre is burned terribly!
The two-headed ogre is moderately wounded.
The two-headed ogre barely misses you.
The two-headed ogre hits you with a +0 giant club!
Casting: Scorch (safe; 1% risk of failure)
Confirm with . or Enter, or press ? or * to list all spells.
Flames lash the two-headed ogre.
The two-headed ogre is burned terribly!
The two-headed ogre is heavily wounded.
* * * LOW HITPOINT WARNING * * *
The two-headed ogre hits you with a +0 giant club!!
* * * LOW HITPOINT WARNING * * *
The two-headed ogre hits you with a +0 giant club!
* * * LOW HITPOINT WARNING * * *
Casting: Scorch (safe; 1% risk of failure)
Confirm with . or Enter, or press ? or * to list all spells.
You don't have enough health to cast this spell. (Key replay stole keys) No previous command to re-do.
No previous command to re-do.
Unknown command.
Aiming: Mindburst
Press: ? - help, Shift-Dir - straight line, f - two-headed ogre
Aim: a two-headed ogre, wielding two +0 giant clubs (heavily wounded, more vulnerable to fire, chance to affect: 47%)
The two-headed ogre's minds are blasted!
Aiming: Mindburst
Press: ? - help, Shift-Dir - straight line, f/p - two-headed ogre
Aim: a two-headed ogre, wielding two +0 giant clubs (almost dead, more vulnerable to fire, chance to affect: 47%)
The two-headed ogre resists with some effort.
The two-headed ogre hits you but does no damage.
The two-headed ogre hits you with a +0 giant club!!
You die...

########### ....
.....#....# ....
.....#....# ..#
.....##..## ..#
.....##..######.#
..........#.....#
..........'.....##
#'#####..######.@#
#....##..#.....)O#
#........#......#)#
#......P............
##...P...........###.
)...P.... P..##...
)..P.P... ... #.
..P.P...P ...P.####


You could see a two-headed ogre (combustible).

Vanquished Creatures
  A two-headed ogre (D:8)
  A komodo dragon (D:8)
  A hornet (D:7)
  Sigmund (D:3)
  2 yaks
  A steam dragon (D:8)
  Edmund (D:5)
  Menkaure (D:5)
  2 water moccasins
  A sky beast (D:7)
  4 ice beasts
  4 black bears
  2 ogres
  A kobold brigand (D:8)
  A gnoll sergeant (D:7)
  4 scorpions
  5 wights (D:7)
  A howler monkey (D:6)
  2 bombardier beetles
  6 hounds
  An orc priest (D:8)
  7 jellies
  Ijyb (D:5)
  3 iguanas
  4 orc wizards
  12 gnolls
  5 adders
  A shadow imp (D:5)
  A white imp (D:5)
  4 ribbon worms
  7 orcs
  3 ball pythons
  2 bats (D:3)
  9 endoplasms
  2 giant cockroaches (D:2)
  9 goblins
  7 hobgoblins
  3 quokkas
  A frilled lizard (D:2)
  11 kobolds
  5 rats
140 creatures vanquished.

Vanquished Creatures (others)
  A centaur (D:5)
  129 foxfires
130 creatures vanquished.

Grand Total: 270 creatures vanquished

Notes
Turn   | Place    | Note
-------+----------+-------------------------------------------
     0 | D:1      | lunkers the Djinni Fire Elementalist began the quest for
                  | the Orb.
     0 | D:1      | lunkers set off with the following spells memorised:
                  | Foxfire, Scorch, Volatile Blastmotes, Inner Flame, Flame
                  | Wave.
     0 | D:1      | Reached XP level 1. HP: 15/15 MP: 0/0
   146 | D:1      | Found a faded altar of an unknown god.
   185 | D:1      | Reached XP level 2. HP: 16/21 MP: 0/0
   416 | D:1      | Reached XP level 3. HP: 10/25 MP: 0/0
   416 | D:1      | Learned a level 1 spell: Magic Dart
   715 | D:1      | Found Plog's Jewellery Shop.
  1579 | D:2      | Reached XP level 4. HP: 27/31 MP: 0/0
  1833 | D:2      | Found a blossoming altar of Fedhas.
  1926 | D:2      | Identified the +9 scale mail "Igay" {Will+ rCorr Int+3}
  2110 | D:3      | Noticed Sigmund
  2115 | D:3      | Killed Sigmund
  2116 | D:3      | Reached skill level 5 in Spellcasting
  2116 | D:3      | Reached skill level 5 in Conjurations
  2116 | D:3      | Reached skill level 5 in Hexes
  2116 | D:3      | Reached skill level 5 in Summonings
  2116 | D:3      | Reached skill level 5 in Necromancy
  2116 | D:3      | Reached skill level 5 in Translocations
  2116 | D:3      | Reached skill level 5 in Fire Magic
  2116 | D:3      | Reached skill level 5 in Ice Magic
  2116 | D:3      | Reached skill level 5 in Air Magic
  2116 | D:3      | Reached skill level 5 in Earth Magic
  2116 | D:3      | Reached skill level 5 in Alchemy
  2116 | D:3      | Reached XP level 5. HP: 28/35 MP: 0/0
  2116 | D:3      | Learned a level 2 spell: Static Discharge
  2116 | D:3      | Reached XP level 6. HP: 32/40 MP: 0/0
  3034 | D:4      | Found a staircase to the Ecumenical Temple.
  3073 | Temple   | Entered the Ecumenical Temple
  3172 | D:4      | Noticed a black bear
  3178 | D:4      | Killed a black bear
  3179 | D:4      | Reached XP level 7. HP: 37/45 MP: 0/0
  3179 | D:4      | Learned a level 2 spell: Blink
  3491 | D:5      | Entered Level 5 of the Dungeon
  3564 | D:5      | Reached XP level 8. HP: 42/50 MP: 0/0
  3569 | D:5      | Noticed Ijyb
  3574 | D:5      | Killed Ijyb
  3746 | D:5      | Found a bloodstained altar of Trog.
  3749 | D:5      | Noticed Edmund
  3755 | D:5      | Killed Edmund
  3918 | D:5      | Found a broken altar of Ashenzari.
  3931 | D:5      | Became a worshipper of Ashenzari the Shackled
  4043 | D:5      | Noticed Menkaure
  4049 | D:5      | Killed Menkaure
  4392 | D:5      | Noticed a yak
  4397 | D:5      | HP: 2/50 [centaur/arrow (9)]
  4445 | D:4      | Killed a yak
  4446 | D:4      | Reached XP level 9. HP: 10/55 MP: 0/0
  4446 | D:4      | Learned a level 4 spell: Dispel Undead
  5361 | D:6      | Reached skill level 10 in Spellcasting
  5361 | D:6      | Reached skill level 10 in Conjurations
  5361 | D:6      | Reached skill level 10 in Hexes
  5361 | D:6      | Reached skill level 10 in Summonings
  5361 | D:6      | Reached skill level 10 in Necromancy
  5361 | D:6      | Reached skill level 10 in Translocations
  5361 | D:6      | Reached skill level 10 in Fire Magic
  5361 | D:6      | Reached skill level 10 in Ice Magic
  5361 | D:6      | Reached skill level 10 in Air Magic
  5361 | D:6      | Reached skill level 10 in Earth Magic
  5361 | D:6      | Reached skill level 10 in Alchemy
  6250 | D:7      | Reached * piety under Ashenzari
  6530 | D:7      | Noticed a hornet
  6537 | D:7      | Killed a hornet
  6538 | D:7      | Reached XP level 10. HP: 27/60 MP: 0/0
  7585 | D:8      | Noticed a komodo dragon
  7599 | D:8      | Killed a komodo dragon
  7635 | D:8      | Noticed a two-headed ogre
  7644 | D:8      | Killed a two-headed ogre
  7750 | D:8      | Noticed a centaur warrior
  7965 | D:8      | Reached ** piety under Ashenzari
  7994 | D:8      | Noticed a two-headed ogre
  7997 | D:8      | HP: 1/60 [two-headed ogre/+0 giant club (9)]
  7999 | D:8      | Demolished by a two-headed ogre

Illustrated notes

Levels and vault maps discovered:
D:1:      giann_horns, layout_loops_cross, serial_shops, shop,
          nicolae_ecumenical_lake_church
D:2:      layout_loops_corners, basic_altar
D:3:      layout_basic, uniq_sigmund
D:4:      layout_gridville, kiku_gazebo_garden_becter,
          minmay_temple_entry_arrows
D:5:      layout_cave_pools, mainiacjoe_overflow_small_starburst,
          nicolae_overflow_two_pavilions, minmay_small_thing, uniq_ijyb,
          uniq_edmund, uniq_menkaure
D:6:      layout_loops_ring, st_stairs_9, chequers_serial_rivers_micro_a
D:7:      layout_layer_cave, chequers_serial_rivers_small_b, st_stairs_13
D:8:      layout_gridville, grunt_lair_entry_orc_guard_hut,
          minmay_shattered_shrine
Temple:   minmay_freezing_vapour_temple

Skill      XL: |  1  2  3  4  5  6  7  8  9 10 |
---------------+-------------------------------+-----
Spellcasting   | 4 5 6 7 9 10 12 | 12.1
Conjurations   | 4 5 6 7 9 10 12 | 12.1
Hexes          | 4 5 6 7 9 10 12 | 12.1
Summonings     | 4 5 6 7 9 10 12 | 12.1
Necromancy     | 4 5 6 7 9 10 12 | 12.1
Translocations | 4 5 6 7 9 10 12 | 12.1
Fire Magic     | 4 5 6 7 9 10 12 | 12.1
Ice Magic      | 4 5 6 7 9 10 12 | 12.1
Air Magic      | 4 5 6 7 9 10 12 | 12.1
Earth Magic    | 4 5 6 7 9 10 12 | 12.1
Alchemy        | 4 5 6 7 9 10 12 | 12.1
Dodging        | |  2.1
Stealth        | |  1.5

Action                     |  1- 3 |  4- 6 |  7- 9 | 10-12 || total
---------------------------+-------+-------+-------+-------++-------
  Melee: Spear             |     5 |     1 |     1 |       ||     7
   Cast: Foxfire           |    77 |       |       |       ||    77
         Scorch            |       |    52 |   132 |    56 ||   240
         Flame Wave        |       |       |       |     1 ||     1
 Invoke: Curse Item        |       |       |     2 |     1 ||     3
  Evoke: Wand              |       |       |     3 |     2 ||     5
    Use: Scroll            |       |       |     5 |       ||     5
 Armour: Robe              |    18 |    10 |    34 |       ||    62
         Scale mail        |       |       |     5 |    33 ||    38
  Dodge: Dodged            |    21 |    12 |    36 |    18 ||    87

Table legend: (Time is in decaauts)
 A = Elapsed time spent in this place.
 B = Non-inter-level travel time spent in this place.
 C = Inter-level travel time spent in this place.
 D = Time resting spent in this place.
 E = Time spent auto-exploring this place.
 F = Levels seen in this place.
 G = Mean time per level.
                   A        B        C        D        E       F      G
               +--------+--------+--------+--------+--------+-----+--------+
         Total |   8002 |   7431 |    571 |      0 |   6391 |   9 |  889.1 |
       Dungeon |   8000 |   7429 |    571 |      0 |   6391 |   8 | 1000.0 |
        Temple |      1 |      1 |      0 |      0 |      0 |   1 |    1.0 |
               +--------+--------+--------+--------+--------+-----+--------+

Top non-repeatable levels by time:
     D:7: 1842 daAuts
     D:5: 1245 daAuts
     D:1: 1053 daAuts
     D:6: 1045 daAuts
     D:2: 999 daAuts
     D:4: 876 daAuts
     D:3: 704 daAuts
     D:8: 231 daAuts
  Temple: 1 daAuts
